Construct Section Command Post
Selects Heavy Armor Battlegroup
Selects Engineer Detachments
Construct Platoon Command Post
6-pounder Anti-tank Gun Team
Unlock Bishop Self-propelled Artillery
Unlock M3 Stuart Light Tanks
Selects Forward Repair Assembly
Bishop Self-propelled Artillery
Bishop Self-propelled Artillery
Construct Field Infirmary
Selects Light Vehicle Withdraw and Refit
Construct Company Command Post
Selects UNKNOWN (2162094)